 Dungeon Crawl Stone Soup version 0.16-a0-2461-ge8ce426 (webtiles) character file.

808 PolkaDot the Caller (level 7, -2/46 HPs)
             Began as a Vampire Summoner on Nov 19, 2014.
             Slain by a centaur (7 damage)
             ... on level 6 of the Dungeon.
             The game lasted 00:19:17 (6359 turns).

PolkaDot the Caller (Vampire Summoner)              Turns: 6359, Time: 00:19:17

Health: -2/46      AC:  5    Str:  7    XL:     7   Next: 60%
Magic:  9/17       EV: 12    Int: 19    God:
Gold:   242        SH:  0    Dex: 14    Spells: 5 memorised, 0 levels left

rFire  . . .     SeeInvis +     e - +0 dagger
rCold  . . .     Clarity  .     a - +0 robe
rNeg   . . .     SustAb   .     (no shield)
rPois  .         Gourm    .     (no helmet)
rElec  .         Spirit   .     i - +1 cloak
rCorr  .         Warding  .     (no gloves)
rMut   .         Stasis   .     f - +0 pair of boots
MR     .....                    (no amulet)
Stlth  ++........               l - ring of invisibility (curse)
                                j - ring of teleport control

@: regenerating quickly, drained, not resistant to hostile enchantments,
unstealthy
A: bottle blood, fangs 3, see invisible, unbreathing
a: Evoke Invisibility, Evoke Teleport Control


You were on level 6 of the Dungeon.
You were full.

You visited 1 branch of the dungeon, and saw 6 of its levels.

You collected 242 gold pieces.

Inventory:

Hand weapons
 e - a +0 dagger (weapon)
Armour
 a - a +0 robe (worn)
 f - a +0 pair of boots (worn)
 i - a +1 cloak (worn)
Jewellery
 j - a ring of teleport control (left hand)
 l - a cursed ring of invisibility (right hand)
 y - an uncursed ring of positive energy {unknown}
Magical devices
 n - a wand of fireball (3)
 p - a wand of teleportation (0)
 t - a wand of disintegration (6)
 v - a wand of draining (0)
Scrolls
 d - 2 scrolls of remove curse
 h - a scroll of fear {unknown}
 m - 2 scrolls of teleportation
 r - a scroll of immolation {unknown}
 s - a scroll of enchant weapon {unknown}
 x - a scroll of fog {unknown}
Potions
 c - 2 potions of haste
 g - a potion of flight
 k - 2 potions of brilliance
 o - a potion of poison {unknown}
 q - 2 potions of might {unknown}
 u - a potion of confusion {unknown}
Books
 b - a book of Callings

   Spells                             Type                      Level
   *Summon Small Mammal               Summoning                    1
   *Call Imp                          Summoning                    2
   *Call Canine Familiar              Summoning                    3
   *Summon Guardian Golem             Hexes/Summoning              4
   Summon Lightning Spire             Summoning/Air                4
   *Summon Ice Beast                  Ice/Summoning                4
 w - a book of Air

   Spells                             Type                      Level
   Shock                              Conjuration/Air              1
   Swiftness                          Charms/Air                   2
   Repel Missiles                     Charms/Air                   2
   Flight                             Charms/Air                   3
   Static Discharge                   Conjuration/Air              3
   Lightning Bolt                     Conjuration/Air              5


   Skills:
 - Level 2.1(1.7) Dodging
 - Level 3.0(2.5) Stealth
 - Level 4.3(3.9) Spellcasting
 + Level 6.3(5.9) Summonings
 * Level 5.3(4.8) Evocations


You couldn't memorise any spells.
You knew the following spells:

 Your Spells              Type           Power        Failure   Level  Hunger
a - Summon Small Mammal   Summ           ####         1%          1    None
d - Call Canine Familiar  Summ           ####....     4%          3    ###....
g - Summon Guardian Gole  Hex/Summ       ##......     50%         4    ####...
i - Summon Ice Beast      Ice/Summ       ##......     50%         4    ####...
s - Call Imp              Summ           ####....     1%          2    ##.....


Dungeon Overview and Level Annotations

Branches:
Dungeon (6/15)
 Temple: D:4-7

Altars:
Ashenzari
Dithmenos
Trog
Vehumet
The Shining One


Innate Abilities, Weirdness & Mutations

Your natural rate of healing is unusually fast.
You can bottle blood from corpses.
You have razor-sharp teeth.
You have supernaturally acute eyesight.
You can survive without breathing.


Message History

The arrow misses you.
You swap places.
The centaur unwields an uncursed shortbow of velocity.
The centaur hits you.
* * * LOW HITPOINT WARNING * * *
Things that are here:
a dagger; a leather armour; a goblin corpse Drink which item? (? for menu, Esc to quit)
Okay, then.
Use e to drain blood from corpses.
Casting: Call Imp
Confirm with . or Enter, or press ? or * to list all spells.
A beastly little devil appears in a puff of frigid air.
The centaur closely misses you.
You hit the centaur but do no damage.
The centaur is moderately wounded.
The centaur hits you.
* * * LOW HITPOINT WARNING * * *
The centaur hits you!
You die...

.... ##.......#...# ...?.
#........##..# ....(.
##.......####.#### .......
#.....[..# #..... ....c..
#.......## ##...% .......
#.......# ##...%[
#.......##
#.5....#####......
#.....(###......###%%$.....
###.##..(#@5...###........)
##..ch...###..........
##..5................
##.....###..........
#..##### #.......... .....#
#.......... ......
#..†........ ......
#........... .....
##.........#


You could see a centaur, a friendly hound, 2 friendly crimson imps and a
friendly white imp.

Vanquished Creatures
  An orc warrior (D:6)
  A centaur (D:5)
  A crimson imp (D:5)
  An orc wizard (D:6)
  A gnoll (D:2)
  An adder (D:4)
  2 giant mites
  A worm (D:6)
  4 giant geckos
  2 oozes
  7 orcs
  6 bats
  2 giant cockroaches
  2 jackals
  2 giant newts
  6 goblins
  5 kobolds
  A quokka (D:5)
  8 rats
54 creatures vanquished.

Vanquished Creatures (collateral kills)
  A hungry ghost (D:4)
  Menkaure (D:5)
  A water moccasin (D:6)
  An ice beast (D:5)
  Sigmund (D:3)
  The ghost of radioactive the Conjurer, an average TeWn of Vehumet (D:3)
  2 crimson imps
  A hound (D:4)
  A quasit (D:5)
  2 orc priests
  An orc wizard (D:6)
  Natasha (thrice) (D:3)
  3 worker ants
  2 gnolls (D:2)
  2 adders
  10 orcs
  A ball python (D:3)
  2 giant cockroaches
  2 hobgoblins
  5 jackals
  3 bats
  A giant newt (D:1)
  3 goblins
  5 kobolds
  4 rats
59 creatures vanquished.

Vanquished Creatures (others)
  2 crimson imps
  5 hounds
  2 white imps
  A quokka (D:1)
10 creatures vanquished.

Grand Total: 123 creatures vanquished

Notes
Turn   | Place    | Note
--------------------------------------------------------------
     0 | D:1      | PolkaDot, the Vampire Summoner, began the quest for the Orb.
     0 | D:1      | Reached XP level 1. HP: 13/13 MP: 3/3
   191 | D:1      | Reached XP level 2. HP: 19/19 MP: 0/5
   205 | D:1      | Learned a level 2 spell: Call Imp
   979 | D:2      | Reached XP level 3. HP: 7/24 MP: 0/6
  1188 | D:2      | Learned a level 3 spell: Call Canine Familiar
  1490 | D:2      | Found a glowing golden altar of the Shining One.
  1491 | D:2      | Found a shadowy altar of Dithmenos.
  1517 | D:2      | Found a bloodstained altar of Trog.
  1519 | D:2      | Found a shattered altar of Ashenzari.
  2247 | D:3      | Reached XP level 4. HP: 30/30 MP: 9/9
  2291 | D:3      | Noticed Sigmund
  2299 | D:3      | Noticed Natasha
  2305 | D:3      | Killed Natasha
  2328 | D:3      | Noticed radioactive's ghost (average TeWn)
  2342 | D:3      | Killed radioactive's ghost
  2408 | D:3      | Noticed Natasha
  2418 | D:3      | Killed Natasha
  2439 | D:3      | Noticed Natasha
  2444 | D:3      | Killed Natasha
  2712 | D:3      | Killed Sigmund
  2712 | D:3      | Reached skill level 5 in Summonings
  2712 | D:3      | Reached XP level 5. HP: 26/35 MP: 2/13
  3084 | D:3      | Found a radiant altar of Vehumet.
  3236 | D:3      | Learned a level 4 spell: Summon Ice Beast
  3552 | D:4      | Reached skill level 1 in Evocations
  3777 | D:4      | Noticed a hungry ghost
  3797 | D:4      | Killed a hungry ghost
  3797 | D:4      | Reached XP level 6. HP: 28/41 MP: 8/15
  4170 | D:5      | Entered Level 5 of the Dungeon
  4176 | D:5      | Noticed Menkaure
  4187 | D:5      | Killed Menkaure
  4925 | D:5      | Reached XP level 7. HP: 46/46 MP: 4/17
  5015 | D:5      | Learned a level 4 spell: Summon Guardian Golem
  5602 | D:6      | Reached skill level 6 in Summonings
  6177 | D:6      | Reached skill level 5 in Evocations
  6359 | D:6      | Slain by a centaur

Action                   |  1- 3 |  4- 6 |  7- 9 || total
-------------------------+-------+-------+-------++-------
Melee: Unarmed           |    20 |       |       ||    20
       Dagger            |   116 |   172 |    71 ||   359
 Cast: Summon Small Mamm |    20 |     1 |       ||    21
       Call Imp          |     6 |    34 |    19 ||    59
       Call Canine Famil |     2 |    15 |     8 ||    25
Evoke: Wand              |       |       |     2 ||     2
  Use: Potion            |     1 |     1 |     1 ||     3
       Scroll            |       |     5 |     1 ||     6
 Stab: Distracted        |     2 |       |       ||     2
       Sleeping          |     3 |     4 |       ||     7
  Eat: Corpse            |    12 |    17 |     5 ||    34
